 Dungeon Crawl Stone Soup version 0.26.0-18-gc5c842f807 (webtiles) character file.

Game seed: 11132313004634409372

744 thiole the Sneak (level 7, -2/45 HPs)
             Began as an Octopode Hedge Wizard on Jan 23, 2021.
             Slain by a worldbinder (3 damage)
             ... on level 1 of the Abyss.
             The game lasted 00:14:42 (7338 turns).

thiole the Sneak (Octopode Hedge Wizard)            Turns: 7338, Time: 00:14:43

Health: -2/45      AC:  1    Str:  9 (12) XL:     7   Next: 76%
Magic:  10/13      EV: 13    Int: 17 (18) God:
Gold:   288        SH:  0    Dex:  8 (11) Spells: 6/14 levels left

rFire    + . .     SeeInvis .   a - +0 dagger
rCold    . . .     Faith    .   (no shield)
rNeg     . . .     Spirit   .   b - +0 hat
rPois    .         Reflect  .   (no amulet)
rElec    .         Harm     .   (no ring)
rCorr    .         Rampage  .   (no ring)
Will     .....                  (no ring)
Stlth    ++++......             (no ring)
HPRegen  0.15/turn              (no ring)
MPRegen  0.13/turn              (no ring)
                                (no ring)
                                (no ring)

@: brilliant, berserk cooldown, hasted and slowed
A: almost no armour, stealthy swim, amphibious, 8 rings, constrict 8, camouflage
1, fire resistance 1, strong 1, gelatinous body 1
a: no special abilities


You were on level 1 of the Abyss.
You visited 1 branch of the dungeon, and saw 5 of its levels.
You visited the Abyss 1 time.

You collected 288 gold pieces.

Inventory:

Hand Weapons
 a - a +0 dagger (weapon)
Armour
 b - a +0 hat (worn)
Scrolls
 c - a scroll of magic mapping {unknown}
 e - 3 scrolls of teleportation {unknown}
 f - 2 scrolls of remove curse {unknown}
 g - 2 scrolls of amnesia {unknown}
 h - a scroll of immolation {unknown}
 m - 4 scrolls of enchant armour {unknown}
 p - 2 scrolls of enchant weapon {unknown}
 r - a scroll of random uselessness {unknown}
 s - a scroll of fog {unknown}
 t - a scroll of blinking {unknown}
 u - a scroll of identify
Potions
 i - a potion of lignification
 n - a potion of resistance {unknown}
 o - a potion of mutation


   Skills:
 + Level 2.6 Fighting
 - Level 2.0 Dodging
 + Level 6.0 Stealth
 + Level 4.4 Spellcasting
 + Level 2.4 Conjurations
 - Level 2.0 Hexes
 - Level 2.0 Summonings
 - Level 1.0 Translocations
 * Level 3.9 Air Magic


You had 6 spell levels left.
You knew the following spells:

 Your Spells              Type           Power        Failure   Level
a - Magic Dart            Conj           72%          5%          1
b - Call Imp              Summ           15%          10%         2
c - Slow                  Hex            15%          10%         2
d - Mephitic Cloud        Conj/Pois/Air  16%          19%         3

Your spell library contained the following spells:

 Spells                   Type           Power        Failure   Level
 Blink                    Tloc           N/A          16%         2
 Conjure Flame            Conj/Fire      11%          26%         3


Dungeon Overview and Level Annotations

Branches:
Dungeon (5/15)
 Temple: D:4-7

Altars:


Innate Abilities, Weirdness & Mutations

You cannot wear most types of armour.
You are very stealthy in the water. (Stealth+)
You are amphibious.
You can wear up to eight rings at the same time.
You can use your tentacles to constrict eight enemies at once.
Your skin changes colour to match your surroundings (Stealth+).
Your rubbery body absorbs attacks. (AC +1, EV +1)
Your flesh is heat resistant. (rF+)
Your muscles are strong. (Str +2)


Message History

* * * LOW HITPOINT WARNING * * *
It was a potion of mutation.
You feel extremely strange.
You feel resistant to heat.
You feel stronger.
The deep elf mage disappears in a puff of smoke!
The worldbinder hits you.
* * * LOW HITPOINT WARNING * * *
The worldbinder completely misses you.
The deep elf archer blinks! x2
It was a potion of degeneration.
There was something very wrong with that liquid.
You feel weakened.
You feel dopey.
You feel clumsy. The worldbinder hits you.
* * * LOW HITPOINT WARNING * * *
The worldbinder hits you but does no damage. x3
The deep elf archer blinks!
It was a potion of brilliance.
You feel clever all of a sudden.
You feel less wooden.
Your +0 hat unmelds from your body.
The worldbinder hits you.
* * * LOW HITPOINT WARNING * * *
The worldbinder hits you.
You die...

... # .# . .#
. ....#... .
......#.. #.#
# . . # .... .
##### ##. .#
## .. ### ##..
. ... ##@#.##
e #... ..
#.ex..#...## .
# #.#ยงยง.# #
# ... ##
e.....##..e...
####### #r ..
# .e... #. .
#.. .# # ..
.#. . .... ..


You could see a deep elf archer (summoned, repels missiles), a deep elf knight
(summoned) and a worldbinder.

Vanquished Creatures
  A gnoll sergeant (D:5)
  A scorpion (D:4)
  A howler monkey (D:4)
  A hound (D:5)
  An orc priest (D:3)
  An orc wizard (D:4)
  4 worker ants
  A gnoll (D:3)
  3 adders
  A shadow imp (D:5)
  A white imp (D:5)
  An ooze (D:4)
  An adder zombie (D:5)
  4 worms
  2 dart slugs
  2 leopard geckos (D:1)
  14 orcs
  2 ball pythons (D:3)
  6 giant cockroaches
  6 goblins
  9 hobgoblins
  13 kobolds
  8 bats
  4 frilled lizards
  6 rats
94 creatures vanquished.

Vanquished Creatures (collateral kills)
  Menkaure (D:4)
  2 ogres (D:3)
  A hound (D:4)
  An orc priest (D:4)
  A bullfrog skeleton (D:5)
  2 orc wizards (D:4)
  An iguana (D:4)
  4 gnolls
  A worm (D:3)
  5 orcs
  A goblin (D:3)
  A ball python (D:3)
  A rat (D:3)
22 creatures vanquished.

Grand Total: 116 creatures vanquished

Notes
Turn   | Place    | Note
-------+----------+-------------------------------------------
     0 | D:1      | thiole the Octopode Hedge Wizard began the quest for the
                  | Orb.
     0 | D:1      | Reached XP level 1. HP: 11/11 MP: 4/4
   433 | D:1      | Reached XP level 2. HP: 17/17 MP: 3/6
   517 | D:1      | Reached skill level 3 in Stealth
  1059 | D:1      | Reached XP level 3. HP: 19/21 MP: 0/7
  2107 | D:2      | Reached XP level 4. HP: 26/27 MP: 2/9
  2419 | D:2      | Reached skill level 4 in Stealth
  2768 | D:2      | Learned a level 2 spell: Call Imp
  2771 | D:2      | Learned a level 2 spell: Slow
  2775 | D:2      | Learned a level 3 spell: Mephitic Cloud
  3404 | D:3      | Noticed an ogre
  3867 | D:3      | Noticed an ogre
  3881 | D:3      | Killed an ogre
  3882 | D:3      | Reached skill level 1 in Hexes
  3882 | D:3      | Reached skill level 1 in Air Magic
  3882 | D:3      | Reached XP level 5. HP: 32/32 MP: 2/10
  4038 | D:3      | Reached skill level 1 in Fighting
  4189 | D:3      | Killed an ogre
  4190 | D:3      | Reached XP level 6. HP: 38/38 MP: 2/11
  4679 | D:4      | Reached skill level 5 in Stealth
  5105 | D:4      | Noticed Menkaure
  5120 | D:4      | Killed Menkaure
  5550 | D:4      | Reached XP level 7. HP: 30/45 MP: 9/13
  6406 | D:5      | Entered Level 5 of the Dungeon
  7243 | D:5      | Reached skill level 6 in Stealth
  7260 | D:5      | Cast into level 1 of the Abyss (gnoll)
  7297 | Abyss:1  | Noticed a worldbinder
  7298 | Abyss:1  | Noticed a tentacled starspawn
  7300 | Abyss:1  | Noticed a deep elf mage
  7300 | Abyss:1  | Noticed a deep elf mage
  7300 | Abyss:1  | Noticed a deep elf knight
  7308 | Abyss:1  | Noticed a deep elf knight
  7308 | Abyss:1  | Noticed a deep elf knight
  7315 | Abyss:1  | Noticed a deep elf knight
  7327 | Abyss:1  | Noticed a deep elf mage
  7327 | Abyss:1  | Noticed a deep elf archer
  7327 | Abyss:1  | Noticed a deep elf knight
  7336 | Abyss:1  | Noticed a deep elf knight
  7336 | Abyss:1  | Noticed a deep elf archer
  7336 | Abyss:1  | Noticed a deep elf archer
  7336 | Abyss:1  | Gained mutation: Your flesh is heat resistant. (rF+)
                  | [potion of mutation]
  7336 | Abyss:1  | Gained mutation: Your muscles are strong. (Str +2) [potion
                  | of mutation]
  7338 | Abyss:1  | HP: 1/45 [worldbinder (4)]
  7338 | Abyss:1  | Slain by a worldbinder

Illustrated notes

Levels and vault maps discovered:
D:1:      psy_arrival_radial01, layout_loops_ring, minmay_small_reverse_x
D:2:      layout_loops_corners, kennysheep_generic_room_4
D:3:      layout_rooms, serial_glass, glass_columns_a, glass_columns_a,
          minmay_cupped
D:4:      layout_loops_ring, uniq_menkaure
D:5:      layout_basic, uniq_blork_the_orc
Abyss:1:  base: D:2, onia_ninara_dug_in_and_dangerous

Skill      XL: |  1  2  3  4  5  6  7 |
---------------+----------------------+-----
Stealth        | 3 4 5 6 |  6.0
Conjurations   | 2 |  2.4
Summonings     | 2 |  2.0
Hexes          | 1 2 |  2.0
Air Magic      | 1 2 3 |  3.9
Fighting       | 1 2 |  2.6
Spellcasting   | 4 |  4.4
Dodging        | |  2.0
Translocations | |  1.0

Action                   |  1- 3 |  4- 6 |  7- 9 || total
-------------------------+-------+-------+-------++-------
Melee: Dagger            |    30 |    73 |    58 ||   161
       Constrict         |    11 |    12 |     9 ||    32
       Tentacles         |     5 |     9 |     9 ||    23
 Cast: Magic Dart        |    92 |    96 |    58 ||   246
       Call Imp          |       |    24 |    22 ||    46
  Use: Potion            |       |     1 |     8 ||     9
       Scroll            |       |     4 |       ||     4
 Stab: Sleeping          |       |     2 |     2 ||     4
       Distracted        |       |     1 |     1 ||     2
Armor: Skin              |     6 |    11 |    38 ||    55
Dodge: Dodged            |    30 |    35 |    39 ||   104
